 Dungeon Crawl Stone Soup version 0.19.5 (webtiles) character file.

793 Azzok the Fighter (level 7, -3/70 HPs)
             Began as a Minotaur Fighter on July 10, 2017.
             Was a Follower of Okawaru.
             Killed from afar by an orc wizard (4 damage)
             ... with a magic dart
             ... on level 5 of the Dungeon.
             The game lasted 00:08:03 (4199 turns).

Azzok the Fighter (Minotaur Fighter)                Turns: 4199, Time: 00:08:04

Health: -3/70      AC: 14    Str: 23    XL:     7   Next: 57%
Magic:  8/9        EV:  8    Int:  5    God:    Okawaru [*.....]
Gold:   240        SH: 13    Dex: 11    Spells: 0 memorised, 6 levels left

rFire  . . .     SeeInvis .     a - +0 long sword
rCold  . . .     Gourm    .     l - +0 chain mail
rNeg   . . .     Faith    .     c - +0 shield
rPois  .         Spirit   .     (helmet restricted)
rElec  .         Reflect  +     y - +2 cloak
rCorr  .         Harm     .     (no gloves)
MR     .....                    (no boots)
Stlth  ..........               v - +4 amulet of reflection
                                (no ring)
                                w - +3 ring of evasion

@: slowed, very slow
A: retaliatory headbutt, horns 2, icy blue scales 1, blurry vision 1, strong 1
a: Heroism, Renounce Religion


You were on level 5 of the Dungeon.
You worshipped Okawaru.
Okawaru was aware of your devotion.
You were not hungry.

You visited 2 branches of the dungeon, and saw 6 of its levels.

You collected 240 gold pieces.

Inventory:

Hand Weapons
 a - a +0 long sword (weapon)
 D - a +0 shortbow
Missiles
 C - 21 arrows
Armour
 c - a +0 shield (worn)
 l - a +0 chain mail (worn)
 y - a +2 cloak (worn)
Jewellery
 v - a +4 amulet of reflection (around neck)
 w - a +3 ring of evasion (left hand)
Scrolls
 b - 2 scrolls of fear {unknown}
 e - a scroll of blinking {unknown}
 g - 3 scrolls of teleportation {unknown}
 k - 4 scrolls of random uselessness {unknown}
 m - 2 scrolls of recharging {unknown}
 n - 2 scrolls of immolation {unknown}
 o - 2 scrolls of amnesia {unknown}
 r - a scroll of fog {unknown}
 s - a scroll of enchant armour {unknown}
 t - 2 scrolls of enchant weapon {unknown}
 B - 2 scrolls of remove curse {unknown}
Potions
 d - 3 potions of might
 h - 5 potions of curing {unknown}
 i - 2 potions of degeneration {unknown}
 p - 2 potions of heal wounds {unknown}
 q - a potion of ambrosia {unknown}
 u - a potion of brilliance {unknown}
 x - a potion of haste {unknown}
 A - a potion of invisibility {unknown}
Comestibles
 f - 8 bread rations {@e1}
 j - a meat ration {@e2}
 z - 2 fruits
 E - 8 chunks of flesh {@w0}


   Skills:
 + Level 9.0 Fighting
 - Level 2.4 Long Blades
 + Level 2.5 Bows
 - Level 3.6 Armour
 - Level 3.6 Shields
 + Level 4.0 Invocations


You had 6 spell levels left.
You didn't know any spells.

Dungeon Overview and Level Annotations

Branches:
Dungeon (5/15)             Temple (1/1) D:4

Altars:
Ashenzari
Dithmenos
Fedhas
Hepliaklqana
Nemelex Xobeh
Okawaru
Qazlal
Xom
Yredelemnul
Zin

Annotations:
D:2 Sigmund


Innate Abilities, Weirdness & Mutations

You reflexively headbutt those who attack you in melee.
You have a pair of horns on your head.
You are partially covered in icy blue scales. (AC +2)
Scrolls take you a little longer to read.
Your muscles are strong. (Str +2)


Message History

Okawaru accepts your kill.
Your Invocations skill increases to level 4!
You block the orc priest's attack.
The orc priest looks braver for a moment.
The orc priest calls down the wrath of Beogh upon you.
Beogh smites you!
* * * LOW HITPOINT WARNING * * *
You see here a dagger.
You take 15 damage, and have 8/70 hp.
MASSIVE DAMAGE!!
You hit the orc priest. You headbutt the orc priest.
The orc priest is heavily wounded.
The orc priest invokes the aid of Beogh against you.
Pain shoots through your body!
* * * LOW HITPOINT WARNING * * *
You block the orc wizard's attack.
The orc priest hits you with a falchion.
* * * LOW HITPOINT WARNING * * *
The orc wizard points at you and mumbles some strange words.
The magic dart hits you!
You die...

▒· ▒▒▒▒ ··· ▒·▒▒▒·····
··· ··▒▒·▒········· ···
······>········
▒·▒▒▒·▒▒·▒·········
▒▒▒▒▒·····▒▒·▒·········
▒··<▒·····▒▒·▒·········
▒·▒▒▒·····▒▒·▒·o·······
▒·▒··········▒·@o······
▒▒·▒·▒·▒▒▒····)·········
·▒'▒·▒ ▒··············
·····▒ ▒·▒▒▒▒▒········
·····▒ ▒)▒ ▒··?·····
·····▒ ▒·▒ ▒▒▒▒▒▒▒▒▒
·····▒ ▒ ▒·▒
·····▒·▒·▒·▒
·····▒·▒·▒·▒▒▒▒▒▒


You could see an orc priest and an orc wizard.

Vanquished Creatures
  An ice beast (D:5)
  A sky beast (D:5)
  A centaur (D:5)
  A scorpion (D:5)
  A crimson imp (D:5)
  5 orc priests
  2 orc wizards
  2 iguanas (D:5)
  A worker ant zombie (D:5)
  Robin (D:3)
  8 adders
  An ooze (D:1)
  2 worms
  3 dart slugs
  3 leopard geckos
  11 orcs
  6 bats
  3 giant cockroaches
  10 goblins
  8 hobgoblins
  2 jackals
  12 kobolds
  A quokka (D:4)
  2 ball pythons
  2 frilled lizards
  A giant cockroach zombie (D:5)
  10 rats
  A bush (D:1)
102 creatures vanquished.

Notes
Turn   | Place    | Note
-------+----------+-------------------------------------------
     0 | D:1      | Azzok the Minotaur Fighter began the quest for the Orb.
     0 | D:1      | Reached XP level 1. HP: 19/19 MP: 0/0
   172 | D:1      | Reached skill level 4 in Fighting
   352 | D:1      | Reached XP level 2. HP: 24/27 MP: 1/1
   499 | D:1      | Reached skill level 5 in Fighting
   499 | D:1      | Reached XP level 3. HP: 28/36 MP: 2/2
  1304 | D:2      | Noticed Sigmund
  1750 | D:2      | Reached XP level 4. HP: 44/44 MP: 3/3
  1801 | D:2      | Reached skill level 6 in Fighting
  2140 | D:3      | Found a shattered altar of Ashenzari.
  2171 | D:3      | Noticed Robin
  2181 | D:3      | Killed Robin
  2236 | D:3      | Reached XP level 5. HP: 10/51 MP: 4/4
  2241 | D:3      | Reached skill level 7 in Fighting
  2568 | D:3      | Found a faded altar of an unknown god.
  2866 | D:3      | You fall through a shaft!
  2866 | D:4      | Found a staircase to the Ecumenical Temple.
  2871 | Temple   | Entered the Ecumenical Temple
  2914 | Temple   | Became a worshipper of Warmaster Okawaru
  3045 | D:4      | Reached skill level 1 in Invocations
  3532 | D:5      | Entered Level 5 of the Dungeon
  3543 | D:5      | Reached XP level 6. HP: 46/61 MP: 6/6
  3621 | D:5      | Noticed a sky beast
  3643 | D:5      | Killed a sky beast
  3643 | D:5      | Reached skill level 8 in Fighting
  3648 | D:5      | Gained mutation: You are partially covered in icy blue scales. (AC +2) [mutagenic meat]
  3649 | D:5      | Gained mutation: Your muscles are strong. (Str +2) [mutagenic meat]
  3650 | D:5      | Gained mutation: Scrolls take you a little longer to read. [mutagenic meat]
  3792 | D:5      | Noticed an ice beast
  3812 | D:5      | Killed an ice beast
  3812 | D:5      | Reached * piety under Okawaru
  3812 | D:5      | Reached skill level 1 in Bows
  3812 | D:5      | Reached XP level 7. HP: 41/69 MP: 8/8
  4108 | D:5      | Found a shimmering altar of Xom.
  4192 | D:5      | Reached skill level 9 in Fighting
  4199 | D:5      | HP: 2/70 [orc priest/nerve-wracking pain (7)]
  4199 | D:5      | Killed from afar by an orc wizard

Skill      XL: |  1  2  3  4  5  6  7 |
---------------+----------------------+-----
Fighting       | 4 5 6 7 8 9 |  9.0
Invocations    | 1 3 4 |  4.0
Bows           | 1 2 |  2.5
Long Blades    | |  2.4
Armour         | |  3.6
Shields        | |  3.6

Action                   |  1- 3 |  4- 6 |  7- 9 || total
-------------------------+-------+-------+-------++-------
Melee: Long sword        |   147 |   200 |    51 ||   398
       Headbutt          |    23 |    23 |    14 ||    60
  Eat: Chunk             |     2 |    11 |     1 ||    14
Armor: Scale mail        |    27 |       |       ||    27
       Chain mail        |    23 |   108 |    18 ||   149
Dodge: Dodged            |    30 |    45 |     9 ||    84
Block: Shield            |    66 |   118 |    27 ||   211
       Reflection        |       |     2 |       ||     2
       Rpst.: Long sword |     9 |    11 |     2 ||    22
